Map: Ascension to Aiur LE

Players

RNGesus

  • Race: Zerg Zerg
  • League: Gold
  • Spawn Location: 11:00

Yata - Winner!

  • Race: Zerg Zerg
  • League: Gold
  • Spawn Location: 5:00

VOD

Have the link to the VOD?

Description

Time

  • Played on: Sept. 7, 2017, 11:19 p.m.
  • Length: 6:34
Show
View Real Time Build Order
Export as new Build Order

RNGesus Zerg 

Build Orders: Hatch First 

Get SALT Encoding   

  12  0:01  Drone  
  13  0:08  Drone  
  14  0:19  Extractor, Drone  
  14  0:23  Extractor, Drone  
  16  0:31  Overlord  
  16  0:53  Drone  
  16  0:55  Hatchery  
  16  0:57  Drone  
  17  1:09  Extractor  
  16  1:16  Spawning Pool  
  16  1:17  Drone  
  16  1:19  Drone  
  16  1:22  Drone  
  18  1:36  Drone  
  19  2:05  Queen  
  19  2:06  Hatchery  
  19  2:07  Overlord  
  20  2:10  Zergling x2  
  20  2:12  Zergling x2  
  22  2:18  Metabolic Boost  
  22  2:30  Queen  
  22  2:34  Drone  
  22  2:36  Drone  
  26  2:43  Drone  
  27  2:47  Drone x2  
  27  2:50  Drone  
  30  2:52  Drone  
  31  3:01  Queen  
  31  3:03  Drone  
  34  3:06  Drone  
  34  3:12  Drone  
  36  3:18  Overlord  
  36  3:25  Drone  
  37  3:32  Queen  
  39  3:35  Drone x3  
  42  3:46  Zergling x12  
  48  4:06  Lair  
  48  4:24  Zergling x4  
  50  4:38  Overlord x2  
  50  4:48  Zergling x8  
  50  4:49  Zergling x8  
  50  4:55  Roach Warren  
  46  5:23  Queen  
  46  5:24  Drone x3  
  51  5:29  Spine Crawler  
  50  5:35  Baneling Nest  
  50  5:40  Drone  
  50  5:41  Extractor, Drone x3  
  44  5:50  Roach  
  44  5:51  Roach x5, Zergling x4  
  44  5:52  Zergling x6  
  55  5:59  Roach  
  55  6:00  Roach  
  55  6:09  Zergling x4  
Show
View Real Time Build Order
Export as new Build Order

Yata Zerg - Winner!

Build Orders: Hatch First 

Get SALT Encoding   

  12  0:00  Drone  
  13  0:12  Overlord  
  13  0:20  Drone  
  14  0:32  Drone x2  
  14  0:34  Drone  
  17  0:54  Hatchery  
  17  0:56  Drone  
  17  1:01  Drone  
  18  1:09  Extractor  
  17  1:15  Spawning Pool  
  17  1:17  Drone  
  17  1:20  Drone  
  18  1:28  Drone  
  19  1:39  Overlord  
  19  1:49  Drone  
  20  2:00  Drone  
  21  2:02  Queen  
  21  2:06  Queen  
  25  2:12  Zergling x4, Metabolic Boost  
  27  2:17  Drone  
  28  2:30  Drone x2  
  28  2:33  Overlord  
  30  2:44  Drone  
  30  2:45  Drone  
  32  2:59  Baneling Nest  
  32  3:01  Evolution Chamber  
  30  3:06  Drone x4  
  30  3:11  Overlord  
  34  3:19  Drone  
  36  3:20  Drone x5  
  40  3:33  Extractor  
  39  3:35  Hatchery  
  37  3:42  Drone  
  37  3:43  Drone x5  
  37  3:46  Zergling x2  
  44  3:53  Zergling x2  
  44  3:54  Zergling x8  
  49  4:00  Zerg Melee Weapons Level 1  
  49  4:03  Queen  
  49  4:14  Baneling x2  
  49  4:21  Overlord x3  
  49  4:42  Zergling x2  
  49  4:43  Zergling x14  
  57  4:51  Drone  
  57  5:10  Zergling x20  
  65  5:21  Zergling x6  
  65  5:24  Baneling x5  
  65  5:27  Queen  
  69  5:31  Lair  
  69  5:38  Drone x4  
  69  5:39  Drone  
  70  6:02  Zergling x2  
  70  6:03  Zergling x6  
  73  6:05  Overlord x4  
  73  6:14  Zergling x2  
  73  6:15  Zergling x8  
Tags
 
League
GoldGold
Matchup
ZvZ
Race
Zerg
Replay Pack
Pack 1
Spawn Locations
Cross Positions
Add a new tag
Caveats
  • Supply blocks, unpowered buildings, or Contaminate may cause inaccurate times.
  • Supply counts are checked every 10 seconds.